 Dungeon Crawl Stone Soup version 0.19.1-1-g22dce08 (console) character file.

2106 Kloppie the Cleaver (level 9, 0/79 HPs)
             Began as a Pale Draconian Berserker on Jan 21, 2017.
             Was an Elder of Trog.
             Slain by a wight
             ... wielding a +7 war axe of freezing
              (1 damage)
             ... on level 6 of the Dungeon.
             The game lasted 00:06:15 (4583 turns).

Kloppie the Cleaver (Pale Draconian Berserker)      Turns: 4583, Time: 00:06:15

Health: 0/79       AC:  8    Str: 19    XL:     9   Next: 7%
Magic:  9/9        EV: 13    Int:  8    God:    Trog [****..]
Gold:   318        SH:  0    Dex: 14    Spells: 0 memorised, 8 levels left

rFire  . . .     SeeInvis .     a - +0 hand axe
rCold  . . .     Gourm    .     (armour unavailable)
rNeg   + . .     Faith    .     (no shield)
rPois  +         Spirit   .     (helmet restricted)
rElec  .         Reflect  .     o - +0 cloak
rCorr  .         Harm     .     (no gloves)
MR     .....                    (no boots)
Stlth  +.........               (no amulet)
                                s - ring of poison resistance
                                u - ring of positive energy

@: exhausted, slowed, drained, very slow
A: breathe steam, unfitting armour, cold-blooded, AC +7
a: Breathe Steam, Berserk, Trog's Hand, Brothers in Arms, Burn Spellbooks,
Renounce Religion


You were on level 6 of the Dungeon.
You worshipped Trog.
Trog was greatly pleased with you.
You were very hungry.

You visited 1 branch of the dungeon, and saw 6 of its levels.

You collected 318 gold pieces.

Inventory:

Hand Weapons
 a - a +0 hand axe (weapon)
 t - a +0 war axe
 x - a +1 vampiric war axe
Armour
 o - a +0 cloak (worn)
Jewellery
 c - an uncursed ring of flight
 s - a ring of poison resistance (right hand)
 u - a ring of positive energy (left hand)
 z - an uncursed ring of protection from cold
Wands
 e - a wand of paralysis (14/24)
 v - a wand of random effects (34/48)
Scrolls
 j - 3 scrolls of magic mapping
 l - a scroll of enchant armour
 p - 2 scrolls of amnesia
 q - 2 scrolls of blinking
 C - a scroll of teleportation {unknown}
Potions
 d - 3 potions of degeneration {unknown}
 f - a potion of agility
 g - 3 potions of flight {unknown}
 i - a potion of curing {unknown}
 k - a potion of berserk rage {unknown}
 n - a potion of cure mutation {unknown}
 r - a potion of haste {unknown}
Books
 m - a book of Minor Magic

   Spells                             Type                      Level
   a - Magic Dart                     Conjuration                  1
   b - Blink                          Translocation                2
   c - Call Imp                       Summoning                    2
   d - Repel Missiles                 Charms/Air                   2
   e - Slow                           Hexes                        2
   f - Conjure Flame                  Conjuration/Fire             3
   g - Mephitic Cloud                 Conjuration/Poison/Air       3
   Trog disapproves of the use of such an item.
Comestibles
 b - 4 bread rations
 h - 5 meat rations
 w - 4 chunks of flesh


   Skills:
 - Level 7.3(7.2) Fighting
 + Level 10.7 Axes
 - Level 2.6 Dodging


You had 8 spell levels left.
You didn't know any spells.

Dungeon Overview and Level Annotations

Branches:
Dungeon (6/15)
 Temple: D:4-7

Altars:
Cheibriados
Gozag
Vehumet


Innate Abilities, Weirdness & Mutations

You can breathe blasts of scalding, opaque steam.
Your pale cyan-grey scales are hard. (AC +7)
You cannot fit into any form of body armour.
You are cold-blooded and may be slowed by cold attacks.


Message History

The wight is heavily damaged.
You are no longer berserk.
You are exhausted.
You feel yourself slow down.
The wight hits you with a war axe of freezing!
* * * LOW HITPOINT WARNING * * *
You feel as though you will be slow longer.
The wight freezes you.
* * * LOW HITPOINT WARNING * * *
You hit the wight.
Your tail-slap misses the wight.
The wight is almost destroyed.
The wight hits you but does no damage.
You hit the wight but do no damage.
The wight is almost destroyed.
The wight misses you.
You closely miss the wight.
You tail-slap the wight, but do no damage.
The wight is almost destroyed.
The wight hits you with a war axe of freezing.
You die...

..####......
#.......# ..##
...... ####......#
..... .....
#.........# .#.###
.....####.##..##.##
...#
#......#.##.###.#
.... #......#.#..#
#.# .##..
#..........## #.#
.....
.$........##....#
(.# #####.@....# ##
#......)z#......
.................
.......####.##...
#.....# .# .#
#....# . # #.... .
#.... .#


You could see a wight.

Vanquished Creatures
  Prince Ribbit (D:6)
  Sigmund (D:4)
  Edmund (D:4)
  Menkaure (D:6)
  An ice beast (D:4)
  A sky beast (D:6)
  2 phantoms (D:4)
  An ogre (D:4)
  2 bullfrogs
  A scorpion (D:4)
  4 wights (D:6)
  A howler monkey (D:4)
  A crimson imp (D:6)
  3 hounds (D:4)
  A centaur zombie (D:6)
  2 orc priests
  A centaur skeleton (D:4)
  Jessica (D:3)
  3 iguanas
  3 orc wizards
  2 worker ants
  A worker ant zombie (D:5)
  6 adders
  4 gnolls (D:5)
  An ooze (D:5)
  A worm (D:4)
  A dart slug (D:1)
  3 leopard geckos
  21 orcs
  9 bats
  3 giant cockroaches
  7 goblins
  10 hobgoblins
  8 jackals
  A quokka (D:2)
  2 ball pythons
  3 frilled lizards
  10 kobolds
  7 rats
132 creatures vanquished.

Notes
Turn   | Place    | Note
-------+----------+-------------------------------------------
     0 | D:1      | Kloppie the Draconian Berserker began the quest for the Orb.
     0 | D:1      | Reached XP level 1. HP: 19/19 MP: 1/1
   164 | D:1      | Reached XP level 2. HP: 23/26 MP: 2/2
   833 | D:1      | Reached XP level 3. HP: 31/33 MP: 3/3
   979 | D:2      | Reached ** piety under Trog
  1246 | D:3      | Reached skill level 4 in Axes
  1344 | D:3      | Reached XP level 4. HP: 39/41 MP: 4/4
  1391 | D:3      | Found a snail-covered altar of Cheibriados.
  1671 | D:3      | Found an opulent altar of Gozag.
  1755 | D:3      | Noticed Jessica
  1764 | D:3      | Killed Jessica
  1764 | D:3      | Reached skill level 5 in Fighting
  1799 | D:4      | Noticed an ice beast
  1811 | D:4      | Killed an ice beast
  1811 | D:4      | Reached XP level 5. HP: 39/48 MP: 5/5
  1964 | D:4      | Reached skill level 5 in Axes
  1976 | D:4      | Reached XP level 6. HP: 31/57 MP: 6/6
  2337 | D:4      | Reached *** piety under Trog
  2395 | D:4      | Your scales start taking on a pale cyan-grey colour.
  2395 | D:4      | Reached XP level 7. HP: 44/64 MP: 7/7
  2415 | D:4      | Reached skill level 6 in Axes
  2733 | D:4      | Noticed Sigmund
  2749 | D:4      | Killed Sigmund
  2749 | D:4      | Reached skill level 7 in Axes
  2768 | D:4      | Noticed Edmund
  2805 | D:4      | Killed Edmund
  2805 | D:4      | Reached skill level 8 in Axes
  2805 | D:4      | Reached XP level 8. HP: 45/73 MP: 8/8
  3271 | D:5      | Entered Level 5 of the Dungeon
  3581 | D:5      | Found a radiant altar of Vehumet.
  4026 | D:6      | Reached skill level 9 in Axes
  4119 | D:6      | Noticed Menkaure
  4131 | D:6      | Killed Menkaure
  4507 | D:6      | Reached skill level 10 in Axes
  4544 | D:6      | Noticed Prince Ribbit
  4555 | D:6      | Killed Prince Ribbit
  4562 | D:6      | Reached XP level 9. HP: 27/79 MP: 9/9
  4569 | D:6      | Reached **** piety under Trog
  4580 | D:6      | HP: 1/79 [wight/war axe of freezing (3)]
  4583 | D:6      | Slain by a wight

Skill      XL: |  1  2  3  4  5  6  7  8 |
---------------+-------------------------+-----
Fighting       | 4 5 6 7 |  7.3
Axes           | 4 5 8 10 | 10.7
Dodging        | |  2.6

Action                   |  1- 3 |  4- 6 |  7- 9 || total
-------------------------+-------+-------+-------++-------
Melee: Hand axe          |   136 |   121 |   285 ||   542
       Tailslap          |    19 |    24 |    41 ||    84
Invok: Berserk           |       |     4 |     6 ||    10
       Trog's Hand       |       |       |     3 ||     3
  Use: Scroll            |       |       |     7 ||     7
 Stab: Sleeping          |     1 |       |     2 ||     3
  Eat: Chunk             |     2 |     7 |    11 ||    20
       Royal jelly       |       |       |     1 ||     1
Armor: Skin              |    34 |    44 |    58 ||   136
Dodge: Dodged            |   102 |    95 |   140 ||   337
